 Dungeon Crawl Stone Soup version 0.25.0-9-g26727b657a (webtiles) character file.

Game seed: 11379604275436149828

263 Arthanis the Chopper (level 6, -3/58 HPs)
             Began as a Gargoyle Berserker on June 20, 2020.
             Was a Believer of Trog.
             Slain by an orc warrior
             ... wielding a +0 dire flail of protection
              (18 damage)
             ... on level 4 of the Dungeon.
             The game lasted 00:04:15 (3787 turns).

Arthanis the Chopper (Gargoyle Berserker)           Turns: 3787, Time: 00:04:16

Health: -3/58      AC: 17    Str: 21    XL:     6   Next: 19%
Magic:  6/6        EV:  6    Int:  9    God:    Trog [**....]
Gold:   212        SH:  0    Dex:  9    Spells: 5/5 levels left

rFire    + . .     SeeInvis .   a - +0 hand axe
rCold    . . .     Gourm    .   (no shield)
rNeg     + . .     Faith    .   t - +0 plate armour
rPois    ∞         Spirit   .   o - +0 helmet
rElec    +         Reflect  .   e - scarf {repulsion}
rCorr    .         Harm     .   (no gloves)
MR       .....                  (no boots)
Stlth    ..........             (no amulet)
HPRegen  0.19/turn              h - ring of protection from fire
MPRegen  0.10/turn              (no ring)

@: berserking (expiring), starving, repel missiles, very quick
A: negative energy resistance 1, electricity resistance, unbreathing,
petrification resistance, rot immunity, AC +4
a: Berserk, Trog's Hand, Renounce Religion


You were on level 4 of the Dungeon.
You worshipped Trog.
Trog was pleased with you.
You were starving.

You visited 1 branch of the dungeon, and saw 4 of its levels.

You collected 212 gold pieces.

Inventory:

Hand Weapons
 a - a +0 hand axe (weapon)
 f - a +0 dagger of protection
Armour
 b - a +0 animal skin
 e - a scarf of repulsion (worn)
 o - a +0 helmet (worn)
 r - a +3 ring mail of poison resistance
 t - a +0 plate armour (worn)
Jewellery
 h - a ring of protection from fire (left hand)
Wands
 g - a wand of polymorph (8)
Scrolls
 j - a scroll of identify {unknown}
 k - 2 scrolls of teleportation {unknown}
 l - a scroll of enchant armour {unknown}
 n - 5 scrolls of amnesia {unknown}
Potions
 d - 3 potions of stabbing {unknown}
 i - 3 potions of heal wounds {unknown}
 m - a potion of lignification {unknown}
 p - a potion of haste {unknown}
 q - a potion of flight {unknown}
Comestibles
 c - 3 rations


   Skills:
 + Level 4.5 Fighting
 * Level 4.6 Axes
 + Level 3.8 Armour
 - Level 2.0 Dodging


You had 5 spell levels left.
You didn't know any spells.
Your spell library was empty.

Dungeon Overview and Level Annotations

Branches:
Dungeon (4/15)
 Temple: D:4-7

Altars:
Elyvilon
Yredelemnul


Innate Abilities, Weirdness & Mutations

You are resistant to torment.
Your stone body is resilient. (AC +4)
You are immune to poison.
You resist negative energy. (rN+)
You are resistant to electric shocks. (rElec)
You can survive without breathing.
You are immune to petrification.
You are immune to rotting.


Message History

The orc warrior hits you but does no damage.
You closely miss the orc warrior.
The orc warrior is lightly wounded.
The orc warrior hits you with a +0 dire flail of protection.
Your plate armour prevents you from hitting the orc warrior.
The orc warrior is lightly wounded.
You barely miss the orc warrior.
The orc warrior is lightly wounded.
The orc warrior hits you with a +0 dire flail of protection!
You barely miss the orc warrior.
The orc warrior is lightly wounded.
The orc warrior hits you with a +0 dire flail of protection!
* * * LOW HITPOINT WARNING * * *
You hit the orc warrior but do no damage.
The orc warrior is lightly wounded.
You closely miss the orc warrior.
The orc warrior is lightly wounded.
The orc priest casts a cantrip, but nothing happens.
The orc warrior hits you with a +0 dire flail of protection!!
You die...

.........#
#........
.......
#...(.#
..... .o.
#o# #@#
#.# #.#
#.# #.#
#.# #.#
#.# #.###


You could see an orc warrior and an orc priest.

Vanquished Creatures
  A bullfrog zombie (D:3)
  A hound (D:4)
  An orc priest (D:3)
  Jessica (D:3)
  Ijyb (D:3)
  Robin (D:3)
  An adder (D:2)
  An ooze (D:3)
  2 worms
  A dart slug (D:1)
  2 leopard geckos (D:1)
  5 orcs
  7 giant cockroaches
  12 goblins
  8 hobgoblins
  8 jackals
  7 kobolds
  2 quokkas
  6 bats
  3 frilled lizards (D:1)
  A leopard gecko skeleton (D:4)
  10 rats
  A spectral orc (D:3)
83 creatures vanquished.

Vanquished Creatures (others)
  A bush (D:3)
  3 plants (D:3)
4 creatures vanquished.

Grand Total: 87 creatures vanquished

Notes
Turn   | Place    | Note
-------+----------+-------------------------------------------
     0 | D:1      | Arthanis the Gargoyle Berserker began the quest for the
                  | Orb.
     0 | D:1      | Reached XP level 1. HP: 14/14 MP: 1/1
   311 | D:1      | Reached XP level 2. HP: 13/19 MP: 2/2
   693 | D:1      | Reached XP level 3. HP: 23/23 MP: 3/3
   949 | D:1      | Reached ** piety under Trog
  2065 | D:2      | Reached XP level 4. HP: 27/29 MP: 4/4
  2198 | D:3      | Noticed Robin
  2210 | D:3      | Killed Robin
  2690 | D:3      | Noticed Ijyb
  2708 | D:3      | Killed Ijyb
  2708 | D:3      | Reached XP level 5. HP: 33/33 MP: 5/5
  2790 | D:3      | Found a basalt altar of Yredelemnul.
  2880 | D:3      | Found a white marble altar of Elyvilon.
  2967 | D:3      | Noticed Jessica
  2971 | D:3      | Killed Jessica
  3319 | D:3      | Reached XP level 6. HP: 33/39 MP: 6/6
  3765 | D:4      | Noticed an orc warrior
  3787 | D:4      | Slain by an orc warrior

Illustrated notes

Levels and vault maps discovered:
D:1:      minmay_arrival_split_and_join, layout_loops_cross, minmay_heptomino_d4
D:2:      layout_basic
D:3:      layout_loops_ring, yredelemnul_forgotten_temple_becter,
          lemuel_doored_altar, serial_forest, infiniplex_forest_diagonal,
          infiniplex_forest_3_way, infiniplex_forest_zigzag_1,
          infiniplex_forest_clump_large, infiniplex_forest_split,
          infiniplex_forest_clump_small, infiniplex_forest_straight_5,
          infiniplex_forest_clump_double, infiniplex_forest_lined_2,
          first_ration, uniq_ijyb, uniq_robin, uniq_jessica
D:4:      layout_basic, minmay_manual_mandibuliform

Skill      XL: |  1  2  3  4 |
---------------+-------------+-----
Axes           | 3 4 |  4.6
Dodging        | 2 |  2.0
Armour         | 3 |  3.8
Fighting       | 4 |  4.5

Action                   |  1- 3 |  4- 6 || total
-------------------------+-------+-------++-------
Melee: Hand axe          |   142 |   226 ||   368
Invok: Berserk           |       |     4 ||     4
       Trog's Hand       |       |     1 ||     1
 Stab: Sleeping          |     2 |     1 ||     3
  Eat: Chunk             |     4 |     4 ||     8
       Ration            |       |     1 ||     1
Armor: Animal skin       |    48 |    30 ||    78
       Ring mail         |       |    27 ||    27
       Plate armour      |       |    30 ||    30
Dodge: Dodged            |    85 |   102 ||   187
